 Dungeon Crawl Stone Soup version 0.23-a0-666-g28d4f2f0af (webtiles) character file.

28156 Notair the Severer (level 13, -2/117 HPs)
             Began as a Minotaur Gladiator on Jan 8, 2019.
             Was a High Priest of Okawaru.
             Slain by a basilisk (6 damage)
             ... on level 14 of the Dungeon.
             The game lasted 00:53:41 (16600 turns).

Notair the Severer (Minotaur Gladiator)            Turns: 16600, Time: 00:53:42

Health: -2/117     AC: 21    Str: 21    XL:     13   Next: 8%
Magic:  14/14      EV:  2    Int: 13    God:    Okawaru [*****.]
Gold:   1166       SH:  0    Dex: 15    Spells: 12/12 levels left

rFire    . . .     SeeInvis .   E - +0 battleaxe (freeze)
rCold    . . .     Gourm    .   (shield currently unavailable)
rNeg     + + +     Faith    .   Y - +5 chain mail of Words of Power {+Inv Int+4}
rPois    ∞         Spirit   .   c - +0 hat
rElec    .         Reflect  .   P - +0 cloak
rCorr    .         Harm     .   w - +0 pair of gloves
MR       .....                  y - +0 pair of boots
Stlth    ..........             b - amulet of rage
HPRegen  0.29/turn              V - ring of poison resistance
MPRegen  0.14/turn              O - +4 ring of dexterity

@: lethally poisoned (-2 -> -2), petrified, studying Bows
A: retaliatory headbutt, horns 2
a: Heroism, Finesse, Renounce Religion, Evoke Berserk Rage, Evoke Invisibility


You were on level 14 of the Dungeon.
You worshipped Okawaru.
Okawaru was extremely pleased with you.
You were not hungry.

You visited 2 branches of the dungeon, and saw 15 of its levels.
You also visited: Ossuary and Bailey.

You collected 1166 gold pieces.

Inventory:

Hand Weapons
 l - a +0 hunting sling
 p - a +0 blowgun
 E - a +0 battleaxe of freezing (weapon)
 F - a +3 executioner's axe of flaming
 L - a +0 hand crossbow
Missiles
 d - a throwing net
 o - 410 stones
 z - 88 poisoned needles
 A - 104 sling bullets
 K - 37 bolts
 R - 5 javelins of penetration (quivered)
Armour
 c - a +0 hat (worn)
 w - a +0 pair of gloves (worn)
 y - a +0 pair of boots (worn)
 P - a +0 cloak (worn)
 Q - the +0 chain mail of Dishonesty {rF+}
   (You found it on level 12 of the Dungeon)

   It protects you from fire.
 Y - the +5 chain mail of Words of Power (worn) {+Inv Int+4}
   (You found it on level 10 of the Dungeon)

   It affects your intelligence (+4).
   It lets you turn invisible.
Jewellery
 b - an amulet of rage (around neck)
 e - an uncursed ring of wizardry
 x - an uncursed ring of protection from cold
 O - a +4 ring of dexterity (right hand)
 S - a cursed ring of wizardry
 V - a ring of poison resistance (left hand)
 Z - an uncursed ring of protection from fire {unknown}
Wands
 q - a wand of flame (25)
 H - a wand of acid (7)
 M - a wand of clouds (3)
 N - a wand of iceblast (9)
 U - a wand of random effects (28)
 X - a wand of polymorph (2)
Scrolls
 a - a scroll of silence
 g - 3 scrolls of magic mapping
 t - 6 scrolls of remove curse
 B - 5 scrolls of teleportation
 C - 4 scrolls of enchant weapon
 G - a scroll of fog
 T - 2 scrolls of blinking
Potions
 h - 2 potions of brilliance
 j - 4 potions of magic
 k - 2 potions of flight
 m - 5 potions of might
 n - 3 potions of haste
 r - 11 potions of curing
 s - a potion of mutation {unknown}
 u - a potion of invisibility {unknown}
 v - a potion of berserk rage {unknown}
 D - 3 potions of agility
 J - 2 potions of degeneration {unknown}
 W - a potion of cancellation {unknown}
Books
 I - a manual of Bows
Miscellaneous
 i - a box of beasts
Comestibles
 f - 22 rations


   Skills:
 + Level 11.9 Fighting
 * Level 16.1 Axes
 - Level 2.0 Throwing
 + Level 11.6 Armour
 + Level 11.3 Dodging
 + Level 3.1 Invocations


You had 12 spell levels left.
You didn't know any spells.
Your spell library contained the following spells:

 Spells                   Type           Power        Failure   Level  Hunger
 Shock                    Conj/Air       #...         88%         1    ##.....
 Blink                    Tloc           N/A          95%         2    ###....
 Shroud of Golubria       Chrm/Tloc      #.........   95%         2    ###....
 Gell's Gravitas          Tloc           #.........   99%         3    ####...
 Lesser Beckoning         Tloc           #.........   99%         3    ####...
 Teleport Other           Tloc           #.......     99%         3    ####...
 Iskenderun's Mystic Bla  Conj           #.......     100%        4    #####..
 Passage of Golubria      Tloc           N/A          100%        4    #####..
 Sticky Flame             Conj/Fire      #.......     100%        4    #####..
 Bolt of Draining         Conj/Necr      #.........   100%        5    ######.
 Bolt of Fire             Conj/Fire      #.........   100%        6    #######


Dungeon Overview and Level Annotations

Branches:
Dungeon (14/15)            Temple (1/1) D:7            Lair (0/6) D:11
    Orc (0/2) D:10         Vaults (0/5) D:13

Altars:
Cheibriados
Dithmenos
Elyvilon
Fedhas
Hepliaklqana
Kikubaaqudgha
Nemelex Xobeh
Okawaru
Qazlal
Sif Muna
Trog
Uskayaw
Xom
Zin
The Shining One

Annotations:
D:14 Nessos


Innate Abilities, Weirdness & Mutations

You reflexively headbutt those who attack you in melee.
You have a pair of horns on your head.


Message History

Nessos shoots an arrow.
The arrow hits you!
* * * LOW HITPOINT WARNING * * *
The arrow burns you!
* * * LOW HITPOINT WARNING * * *
The basilisk bites you!
* * * LOW HITPOINT WARNING * * *
Nessos pounds the earth with his hooves.
The centaur shoots an arrow.
The arrow hits you but does no damage.
Nessos shoots an arrow.
The arrow hits you!
* * * LOW HITPOINT WARNING * * *
The arrow burns you.
* * * LOW HITPOINT WARNING * * *
The basilisk bites you but does no damage.
The centaur shoots an arrow.
The arrow hits you!
* * * LOW HITPOINT WARNING * * *
The teleport trap disappears.
Nessos disappears!
The centaur shoots an arrow.
The arrow hits you.
* * * LOW HITPOINT WARNING * * *
The basilisk bites you!
You die...

...# ##..# ##...#
##....# ##.!...# #
##......# ##5
#.†.c(..# ######
##...#(..(((.# #....#
#....'..D.Cl@###.##.#
#.....#......§....##.#
.D.?..#......)###.##.#
###+# #.......# ####.#
............... #.#
...........##### #.#
...........## #.#
..........## #.#
.........## #.# ###


You could see a cyclops, a basilisk, an acid dragon and a centaur.

Vanquished Creatures
  An entropy weaver (shapeshifter) (D:13)
  Azrael (D:13)
  Snorg (D:11)
  4 two-headed ogres
  A centaur warrior (D:9)
  A deep troll earth mage (D:9)
  An unseen horror (D:10)
  A lindwurm (shapeshifter) (D:9)
  A sea snake (shapeshifter) (D:13)
  2 orc knights (Bailey)
  A harpy (shapeshifter) (D:13)
  A salamander (shapeshifter) (D:13)
  A cyclops (D:13)
  2 ugly things
  2 deep elf magi
  Maurice (D:8)
  Joseph (D:7)
  Psyche (D:8)
  7 centaur skeletons
  2 demonic crawlers (D:13)
  A freezing wraith (D:14)
  2 hellwings
  2 hornets
  Prince Ribbit (D:6)
  2 trolls
  5 hippogriffs
  A meliai zombie (D:11)
  2 shadows (D:11)
  A spriggan (D:7)
  2 fire elementals (D:13)
  4 yaks
  A wyvern (D:11)
  7 vampire mosquitoes (D:13)
  A warg (D:10)
  An acid dragon (D:11)
  A water moccasin (D:7)
  2 porcupines (D:11)
  3 hell hounds (D:13)
  11 orc warriors
  2 ice beasts (D:8)
  An eye of draining (D:13)
  3 sky beasts
  4 ogres
  A phantom (D:4)
  3 black bears
  A necrophage (D:10)
  11 centaurs
  3 big kobolds
  A crocodile (D:13)
  8 bullfrogs
  6 scorpions
  A killer bee (D:10)
  A howler monkey (D:4)
  8 crimson imps
  3 centaur zombies
  7 hounds
  A human zombie (D:4)
  11 orc priests
  4 bullfrog skeletons
  3 iguanas
  2 jellies
  14 orc wizards
  13 worker ants
  2 big kobold zombies (Ossuary)
  2 hound zombies
  A hound skeleton (D:7)
  4 mummies (Ossuary)
  2 worker ant zombies
  11 gnolls
  11 adders
  7 shadow imps
  2 oozes
  2 adder zombies (Ossuary)
  2 adder skeletons
  2 worms
  4 dart slugs
  5 leopard geckos
  68 orcs
  5 giant cockroaches
  9 goblins
  8 hobgoblins
  9 jackals
  23 kobolds
  6 quokkas
  A ball python (D:2)
  8 bats
  2 frilled lizards
  2 gnoll zombies (Ossuary)
  2 goblin zombies (Ossuary)
  2 hobgoblin zombies
  2 jackal zombies (Ossuary)
  A kobold zombie (Ossuary)
  An orc zombie (D:4)
  2 quokka skeletons
  A quokka zombie (D:7)
  4 rats
  4 fungi (D:11)
  2 plants (D:11)
414 creatures vanquished.

Vanquished Creatures (others)
  An orc wizard (D:3)
  A withered plant (D:11)
2 creatures vanquished.

Grand Total: 416 creatures vanquished

Notes
Turn   | Place    | Note
-------+----------+-------------------------------------------
     0 | D:1      | Notair the Minotaur Gladiator began the quest for the Orb.
     0 | D:1      | Reached XP level 1. HP: 18/18 MP: 0/0
   160 | D:1      | Reached XP level 2. HP: 21/25 MP: 1/1
   167 | D:1      | Reached skill level 4 in Axes
   435 | D:1      | Reached skill level 1 in Armour
   813 | D:1      | Reached XP level 3. HP: 30/30 MP: 2/2
   991 | D:2      | Reached XP level 4. HP: 33/38 MP: 3/3
  1491 | D:3      | Found a sparkling altar of Nemelex Xobeh.
  1534 | D:3      | Reached skill level 5 in Axes
  1539 | D:3      | Reached XP level 5. HP: 37/45 MP: 4/4
  2490 | D:4      | Reached XP level 6. HP: 51/52 MP: 5/5
  2498 | D:4      | Reached skill level 6 in Axes
  2514 | D:4      | Found a sand-covered staircase.
  2524 | Ossuary  | Entered an ossuary
  3302 | D:4      | Reached XP level 7. HP: 21/60 MP: 6/6
  3612 | D:4      | Reached skill level 5 in Dodging
  3673 | D:5      | Entered Level 5 of the Dungeon
  3865 | D:5      | Reached skill level 7 in Axes
  4405 | D:6      | Reached skill level 5 in Fighting
  4590 | D:6      | Noticed Prince Ribbit
  4636 | D:6      | Killed Prince Ribbit
  4636 | D:6      | Reached skill level 8 in Axes
  4636 | D:6      | Reached XP level 8. HP: 39/69 MP: 7/7
  4968 | D:6      | Reached skill level 5 in Armour
  5416 | D:7      | Reached skill level 9 in Axes
  5434 | D:7      | Noticed a hippogriff
  5447 | D:7      | Killed a hippogriff
  5477 | D:7      | Noticed Joseph
  5487 | D:6      | Reached XP level 9. HP: 38/78 MP: 8/8
  5672 | D:7      | Killed Joseph
  5672 | D:7      | Reached skill level 10 in Axes
  5848 | D:7      | Found a bloodstained altar of Trog.
  5912 | D:7      | Paralysed by a hornet for 2 turns
  5915 | D:7      | HP: 2/79 [hornet (11)]
  6235 | D:7      | Found a staircase to the Ecumenical Temple.
  6242 | Temple   | Entered the Ecumenical Temple
  6272 | Temple   | Became a worshipper of Warmaster Okawaru
  6742 | D:7      | Found a deep blue altar of Sif Muna.
  7063 | D:8      | Reached skill level 11 in Axes
  7366 | D:8      | Reached * piety under Okawaru
  7516 | D:8      | Reached XP level 10. HP: 71/88 MP: 9/9
  7528 | D:8      | Noticed Psyche
  7547 | D:8      | Killed Psyche
  7791 | D:8      | Noticed Maurice
  7814 | D:8      | Killed Maurice
  7814 | D:8      | Reached ** piety under Okawaru
  8273 | D:9      | Noticed a two-headed ogre
  8286 | D:9      | Killed a two-headed ogre
  8286 | D:9      | Reached skill level 12 in Axes
  8302 | D:9      | Found a flagged portal.
  8312 | Bailey   | Entered a bailey
  8762 | Bailey   | Noticed an orc knight
  9141 | Bailey   | Killed an orc knight
  9141 | Bailey   | Reached *** piety under Okawaru
  9187 | Bailey   | Got slimy gold dragon scales
  9199 | Bailey   | Identified the +1 gold dragon scales of Precision
                  | Catastrophes {-Cast rPois rF+ rC+ rN+ Int+4 Stlth+} (You
                  | found it in a bailey)
  9203 | Bailey   | Noticed an orc knight
  9215 | Bailey   | Killed an orc knight
  9699 | D:9      | Reached XP level 11. HP: 97/97 MP: 10/10
  9913 | D:9      | Noticed a deep troll earth mage
 10046 | D:9      | Noticed a lindwurm
 10046 | D:9      | a troll changed into a lindwurm
 10059 | D:9      | Killed a lindwurm
 10059 | D:9      | Reached skill level 13 in Axes
 10367 | D:9      | Killed a deep troll earth mage
 10367 | D:9      | Reached **** piety under Okawaru
 10418 | D:9      | Identified Nihux's Disquisition on Burning Confrontation
 10427 | D:9      | Identified the cursed +0 longbow "Ihuijel" {velocity, +Fly
                  | Str-5 SInv Stlth+} (You found it on level 9 of the Dungeon)
 10446 | D:9      | Noticed a centaur warrior
 10463 | D:9      | Killed a centaur warrior
 10660 | D:10     | Entered Level 10 of the Dungeon
 11222 | D:10     | Reached skill level 10 in Fighting
 11534 | D:10     | Got an ichor-stained chain mail
 11545 | D:10     | Identified the +5 chain mail of Words of Power {+Inv Int+4}
                  | (You found it on level 10 of the Dungeon)
 11687 | D:10     | Found a staircase to the Orcish Mines.
 11779 | D:10     | Reached ***** piety under Okawaru
 12155 | D:10     | Killed an unseen horror
 12284 | D:11     | Noticed a two-headed ogre
 12292 | D:11     | Killed a two-headed ogre
 12292 | D:11     | Reached skill level 14 in Axes
 12529 | D:11     | Received a gift from Okawaru
 12545 | D:11     | Noticed Snorg
 12570 | D:11     | Killed Snorg
 12570 | D:11     | Reached skill level 10 in Armour
 12570 | D:11     | Reached skill level 10 in Dodging
 12791 | D:11     | Noticed a red ugly thing
 12803 | D:11     | Killed a red ugly thing
 13088 | D:11     | Received a gift from Okawaru
 13148 | D:11     | Noticed a two-headed ogre
 13157 | D:11     | Killed a two-headed ogre
 13157 | D:11     | Reached XP level 12. HP: 92/108 MP: 8/11
 13318 | D:11     | Found a staircase to the Lair.
 13485 | D:11     | Reached skill level 15 in Axes
 13795 | D:12     | Got a dazzling chain mail
 13808 | D:12     | Identified the cursed +0 chain mail of Dishonesty {rF+}
                  | (You found it on level 12 of the Dungeon)
 14123 | D:12     | Identified the +1 buckler "Juqaf" {Dex+2} (You found it on
                  | level 12 of the Dungeon)
 14641 | D:13     | Reached skill level 1 in Invocations
 14649 | D:13     | Noticed Azrael
 14666 | D:13     | Received a gift from Okawaru
 14677 | D:13     | Killed Azrael
 14891 | D:13     | Noticed a fire dragon
 14891 | D:13     | a swamp worm changed into a fire dragon
 14893 | D:13     | Noticed a catoblepas
 14893 | D:13     | a fire dragon changed into a catoblepas
 14895 | D:13     | Noticed an entropy weaver
 14895 | D:13     | a catoblepas changed into an entropy weaver
 14908 | D:13     | Killed an entropy weaver
 15114 | D:13     | Noticed a two-headed ogre
 15135 | D:13     | Killed a two-headed ogre
 15310 | D:13     | Found a gate to the Vaults.
 15355 | D:13     | Reached skill level 16 in Axes
 15607 | D:13     | Received a gift from Okawaru
 15610 | D:13     | Got a pair of heavily runed boots {god gift}
 15773 | D:13     | Identified the -6 pair of boots of Creativity {rN+ Str+4
                  | Stlth+} (Okawaru gifted it to you on level 13 of the
                  | Dungeon)
 15851 | D:13     | Reached XP level 13. HP: 115/117 MP: 14/14
 16590 | D:14     | Noticed Nessos
 16600 | D:14     | HP: 4/117 [centaur/arrow (2)]
 16600 | D:14     | Slain by a basilisk

Vault maps used:
D:1:      evilmike_arrival_hilbert_curve
D:2:      minmay_misc_feat_more_columns
D:3:      minmay_diamond_boxcup, serial_glass, glass_columns_a, glass_columns_b,
          first_ration, nemelex_dance_club_becter
D:4:      enter_ossuary_3
D:5:      dk_vineyard_2, minmay_misc_feat_chi
D:6:      minmay_door_square, uniq_prince_ribbit1
D:7:      nicolae_overflow_crystal_walls, temple_fountains, the_bakery,
          led_sif_pool, uniq_joseph
D:8:      uniq_maurice, uniq_psyche
D:9:      minmay_the_grid_3x2, enter_bailey_3
D:10:     erik_orc_4, st_stairs_9
D:11:     cheibrodos_grave_circle, grunt_lair_entry_orc_guard_hut, uniq_snorg
D:12:     minmay_splitting_lines
D:13:     david_vaults_2, einodemon_crawler_minivault, uniq_azrael
D:14:     minmay_concentric_multi, serial_shops, nicolae_shop_stone,
          nrook_mini_vaults, uniq_roxanne, uniq_nessos
Temple:   nicolae_temple_the_god_donut
Ossuary:  ossuary_minmay_tomb_2a
Bailey:   bailey_polearm_1, bailey

Skill      XL: |  1  2  3  4  5  6  7  8  9 10 11 12 13 |
---------------+----------------------------------------+-----
Axes           | 4 5 6 8 9 11 12 14 16 | 16.1
Armour         | 1 2 3 4 6 7 9 10 11 | 11.6
Fighting       | 3 4 5 6 8 9 10 11 | 11.9
Dodging        | 4 5 6 7 9 10 11 | 11.3
Invocations    | 2 3 |  3.1
Throwing       | |  2.0

Action                   |  1- 3 |  4- 6 |  7- 9 | 10-12 | 13-15 || total
-------------------------+-------+-------+-------+-------+-------++-------
Melee: War axe           |    51 |   148 |   362 |   374 |       ||   935
       Headbutt          |     8 |    24 |    75 |   144 |     9 ||   260
       Battleaxe         |       |       |       |   264 |    33 ||   297
 Fire: Blowgun           |       |       |    20 |    15 |       ||    35
       Hunting sling     |       |       |    13 |   174 |       ||   187
Throw: Throwing net      |       |       |     1 |     5 |       ||     6
       Javelin           |       |       |       |     3 |       ||     3
Invok: Heroism           |       |       |       |    11 |       ||    11
       Finesse           |       |       |       |     2 |       ||     2
 Abil: Evoke Berserk Rag |       |       |       |     1 |       ||     1
Evoke: Wand              |       |       |     2 |     1 |       ||     3
  Use: Scroll            |       |     4 |       |    19 |     2 ||    25
       Potion            |       |       |     2 |     2 |       ||     4
 Stab: Invisible         |       |       |       |     2 |       ||     2
       Held in net/web   |       |       |       |     2 |       ||     2
  Eat: Chunk             |       |     5 |    12 |    21 |       ||    38
       Ration            |       |     1 |       |     2 |     1 ||     4
Armor: Ring mail         |    11 |    22 |       |       |       ||    33
       Leather armour    |     1 |       |       |       |       ||     1
       Scale mail        |       |    30 |    15 |       |       ||    45
       Plate armour      |       |       |   231 |   125 |       ||   356
       Chain mail        |       |       |       |   267 |    23 ||   290
Dodge: Dodged            |    41 |    97 |   150 |   414 |    22 ||   724

Table legend:
 A = Non-vault XP
 B = Vault XP
 C = Vault XP percentage of total XP
 D = Non-vault monster count
 E = Vault monster count
 F = Vault count percentage of total count
                 A         B        C        D         E       F
            +---------+---------+-------+---------+---------+-------
      Total |   20917 |   19307 |  48.0 |     290 |     119 |  29.1
            +---------+---------+-------+---------+---------+-------
        D:1 |      41 |       0 |   0.0 |      18 |       0 |   0.0
        D:2 |      77 |       0 |   0.0 |      21 |       0 |   0.0
        D:3 |     133 |      30 |  18.4 |      16 |      11 |  40.7
        D:4 |     381 |      45 |  10.6 |      14 |       3 |  17.6
        D:5 |     156 |       0 |   0.0 |       9 |       0 |   0.0
        D:6 |     557 |     300 |  35.0 |      19 |       1 |   5.0
        D:7 |    2052 |     671 |  24.6 |      37 |       2 |   5.1
        D:8 |    1242 |     911 |  42.3 |      24 |       2 |   7.7
        D:9 |    1702 |    3310 |  66.0 |      15 |      16 |  51.6
       D:10 |    2223 |     966 |  30.3 |      26 |      17 |  39.5
       D:11 |    5053 |    4944 |  49.5 |      40 |      17 |  29.8
       D:12 |    1520 |       0 |   0.0 |      24 |       0 |   0.0
       D:13 |    4876 |    6015 |  55.2 |      25 |      14 |  35.9
       D:14 |     904 |      46 |   4.8 |       2 |       1 |  33.3
    Ossuary |       0 |     141 | 100.0 |       0 |      16 | 100.0
     Bailey |       0 |    1928 | 100.0 |       0 |      19 | 100.0
            +---------+---------+-------+---------+---------+-------
